 Dungeon Crawl Stone Soup version 0.27-a0-1090-gb115f176c6 (webtiles) character file.

Game seed: 16134655249896692189

1787 sizableburger the Skirmisher (level 8, -9/64 HPs)
             Began as a Mummy Hunter on Apr 27, 2021.
             Was a Believer of Dithmenos.
             Mangled by Harold
             ... wielding a +0 scimitar
              (35 damage)
             ... on level 7 of the Dungeon.
             The game lasted 00:27:55 (9322 turns).

sizableburger the Skirmisher (Mummy Hunter)         Turns: 9322, Time: 00:27:56

Health: -9/64      AC:  9    Str: 17    XL:     8   Next: 82%
Magic:  18/18      EV: 12    Int: 10    God:    Dithmenos [**....]
Gold:   365        SH:  0    Dex: 13    Spells: 7/7 levels left

rFire    x . .     SeeInvis .   t - +3 dagger
rCold    + . .     Faith    .   (no shield)
rNeg     + + +     Spirit   .   b - +0 leather armour
rPois    ∞         Reflect  .   n - +2 hat
rElec    .         Harm     .   (no cloak)
rCorr    .         Rampage  .   a - +0 pair of gloves
Will     +....                  l - +2 pair of boots
Stlth    +++.......             d - amulet of the acrobat
HPRegen  0.20/turn              g - ring of magical power
MPRegen  0.16/turn              (no ring)

@: wreathed by umbra
A: cold resistance 1, negative energy resistance 3, torment resistance 2,
unbreathing 1, heat vulnerability 1, no potions
a: Renounce Religion, Shadow Step


You were on level 7 of the Dungeon.
You worshipped Dithmenos.
Dithmenos was pleased with you.
You visited 1 branch of the dungeon, and saw 7 of its levels.

You collected 365 gold pieces.

Inventory:

Hand Weapons
 i - a +0 vorpal shortbow
 t - a +3 dagger (weapon)
Missiles
 c - 3 javelins
 h - 14 poisoned darts
 k - 81 arrows
 o - 6 curare-tipped darts
Armour
 a - a +0 pair of gloves (worn)
 b - a +0 leather armour (worn)
 l - a +2 pair of boots (worn)
 n - a +2 hat (worn)
 s - a scarf of harm
Jewellery
 d - an amulet of the acrobat (around neck)
 g - a ring of magical power (left hand)
 r - a ring of flight
Wands
 p - a wand of flame (16)
 q - a wand of acid (2) (quivered)
Scrolls
 f - 2 scrolls of fog
 j - 7 scrolls of identify


   Skills:
 + Level 6.1 Fighting
 - Level 3.9 Short Blades
 + Level 2.2 Bows
 + Level 5.4 Throwing
 - Level 2.2 Dodging
 - Level 3.4 Stealth
 - Level 2.0 Invocations
 + Level 2.1 Evocations


You had 7 spell levels left.
You didn't know any spells.
Your spell library contained the following spells:

 Spells                   Type           Power      Damage    Failure   Level
 Poisonous Vapours        Pois/Air       0%         N/A       56%         2
 Conjure Flame            Conj/Fire      0%         6-21      80%         3
 Mephitic Cloud           Conj/Pois/Air  0%         N/A       80%         3
 Freezing Cloud           Conj/Ice/Air   0%         6-21      100%        6


Dungeon Overview and Level Annotations

Branches:
Dungeon (7/15)             Temple (0/1) D:4

Altars:
Ashenzari
Cheibriados
Dithmenos
Qazlal
Ru
Sif Muna
Uskayaw
Yredelemnul
Zin
The Shining One

Shops:
D:1 [==*   D:6 !

Annotations:
D:7 Harold


Innate Abilities, Weirdness & Mutations

You are immune to poison.
Your flesh is cold resistant. (rC+)
You are immune to negative energy. (rN+++)
You are immune to unholy pain and torment.
You can survive without breathing.
You are vulnerable to heat. (rF-)
You do not drink.


Message History

The orc wizard is almost dead.
The orc warrior shouts!
The orc shouts!
An orc comes into view.
It is wielding a +0 short sword of draining.
Harold drinks a potion.
Harold seems to grow stronger.
Aiming: Corrosive Bolt
Press: ? - help, Shift-Dir - straight line, f/p - orc wizard
Aim: an orc wizard, wielding a +0 dagger and wearing a +0 robe (almost dead, covered in acid, 64% to hit)
The bolt of acid hits Harold!
Harold is splashed with acid.
Harold seems to be corroded for longer.
Harold is heavily wounded.
The bolt of acid misses the orc wizard.
Harold hits you with a +0 scimitar!!
Unknown command.
Aiming: Corrosive Bolt
Press: ? - help, Shift-Dir - straight line, f/p - orc wizard
Aim: an orc wizard, wielding a +0 dagger and wearing a +0 robe (almost dead, covered in acid, 64% to hit)
The bolt of acid hits Harold!
Harold is splashed with acid.
Harold seems to be corroded for longer.
Harold is severely wounded.
The bolt of acid hits the orc wizard!
The orc wizard is splashed with acid.
The orc wizard seems to be corroded for longer.
You kill the orc wizard!
Dithmenos accepts your kill.
Harold says, "This is so exciting!
What a great way to end my career!"
Harold completely misses you.
Okay, then.
Okay, then.
Aiming: Shadow Step
Press: ? - help, Dir - move target, f - Harold
Aim: Harold, wielding a +0 scimitar and wearing a +1 ring mail of fire resistance (severely wounded, strong, covered in acid, umbra)
Okay, then.
Okay, then.
Aiming: Corrosive Bolt
Press: ? - help, Shift-Dir - straight line, f - Harold
Aim: Harold, wielding a +0 scimitar and wearing a +1 ring mail of fire resistance (severely wounded, strong, covered in acid, umbra, 83% to hit)
The bolt of acid hits Harold!
Harold is splashed with acid.
Harold seems to be corroded for longer.
Harold is almost dead.
Harold hits you with a +0 scimitar!!
Ouch! That really hurt!
You die...

##.. #.#. .o(# ..o
.)o .#....####>#
#.##.##.#@....#
#.##.##.#@# #
#.##.##.#)## .##
#.##.##....#...#
#.##.##..(...# .
#.##.###...#...#
####.##..........##
#............##..#
#.#..........##....
#.#..#####.#.##.####


You could see Harold (strong, corroded), an orc warrior and 2 orcs.

Vanquished Creatures
  Prince Ribbit (D:5)
  A water moccasin (D:4)
  An ice beast (D:5)
  2 ogres (D:6)
  A necrophage (D:4)
  2 centaurs
  A kobold brigand (D:3)
  A gnoll sergeant (D:7)
  A wyvern zombie (D:7)
  A water moccasin skeleton (D:5)
  A howler monkey (D:6)
  4 hounds
  2 jellies (D:5)
  An orc priest (D:3)
  A gnoll shaman (D:6)
  3 iguanas
  4 orc wizards
  A hound zombie (D:2)
  8 adders
  9 gnolls
  A shadow imp (D:6)
  A white imp (D:5)
  A worm (D:4)
  A dart slug (D:1)
  16 orcs
  8 ball pythons
  2 endoplasms
  3 giant cockroaches
  11 goblins
  11 hobgoblins
  4 jackals (D:3)
  6 bats
  7 frilled lizards
  10 kobolds
  6 rats
134 creatures vanquished.

Vanquished Creatures (others)
  3 fungi (D:7)
3 creatures vanquished.

Grand Total: 137 creatures vanquished

Notes
Turn   | Place    | Note
-------+----------+-------------------------------------------
     0 | D:1      | sizableburger the Mummy Hunter began the quest for the Orb.
     0 | D:1      | Reached XP level 1. HP: 16/16 MP: 1/1
   149 | D:1      | Found Xal Ele's Assorted Antiques.
   260 | D:1      | Found Qoosucw's Jewellery Shoppe.
   392 | D:1      | Reached XP level 2. HP: 18/22 MP: 2/2
   923 | D:1      | Found Cox Babb's Armour Shop.
  1014 | D:1      | Found Lupeguus's Jewellery Shoppe.
  1116 | D:2      | Found a shadowy altar of Dithmenos.
  1123 | D:2      | Reached skill level 1 in Short Blades
  1134 | D:2      | Reached XP level 3. HP: 26/28 MP: 3/3
  1161 | D:2      | Became a worshipper of Dithmenos the Shadowed
  2392 | D:3      | Reached XP level 4. HP: 31/34 MP: 4/4
  2529 | D:3      | Found a stormy altar of Qazlal.
  2777 | D:3      | Noticed a kobold brigand
  3020 | D:3      | Killed a kobold brigand
  3021 | D:3      | Reached skill level 3 in Fighting
  3021 | D:3      | Reached XP level 5. HP: 23/41 MP: 5/5
  3978 | D:3      | Reached * piety under Dithmenos
  4272 | D:4      | Reached skill level 1 in Stealth
  4483 | D:4      | Noticed a centaur
  4489 | D:4      | Found a basalt altar of Yredelemnul.
  4494 | D:4      | Killed a centaur
  4495 | D:4      | Reached XP level 6. HP: 18/48 MP: 6/6
  5136 | D:4      | Reached skill level 4 in Fighting
  5245 | D:4      | Found a staircase to the Ecumenical Temple.
  5487 | D:4      | Found a broken altar of Ashenzari.
  5502 | D:4      | Reached XP level 7. HP: 27/54 MP: 7/7
  5888 | D:5      | Entered Level 5 of the Dungeon
  6958 | D:5      | Reached skill level 5 in Throwing
  7139 | D:5      | Noticed Prince Ribbit
  7161 | D:5      | Killed Prince Ribbit
  7162 | D:5      | Reached skill level 5 in Fighting
  7162 | D:5      | Reached XP level 8. HP: 62/62 MP: 8/8
  7839 | D:6      | Found a hide-covered altar of Uskayaw.
  7840 | D:6      | Found a snail-covered altar of Cheibriados.
  7840 | D:6      | Found a sacrificial altar of Ru.
  7878 | D:6      | Reached ** piety under Dithmenos
  8036 | D:6      | Reached skill level 1 in Bows
  8036 | D:6      | Reached skill level 1 in Evocations
  8234 | D:6      | Found a shimmering blue altar of Sif Muna.
  8302 | D:6      | Found Ceivuam's Distillery.
  8332 | D:6      | Reached skill level 1 in Invocations
  9029 | D:7      | Reached skill level 6 in Fighting
  9312 | D:7      | Noticed Harold
  9322 | D:7      | Mangled by Harold

Illustrated notes

Levels and vault maps discovered:
D:1:      minmay_arrival_stair_chambers, layout_rooms, serial_shops, shop,
          shop_fountains, shop, nicolae_shop_crystal,
          chequers_serial_rivers_micro_a
D:2:      layout_basic, basic_altar, hex_tiny, hangedman_decor_points,
          kennysheep_generic_room_8
D:3:      cheibrodos_thug_alley, layout_basic, amcnicky_altar_gilded,
          serial_aquarium, aquarium_bridge_long_joined
          [aquarium_subvault_bridge, aquarium_subvault_wall,
          aquarium_subvault_bridge, aquarium_subvault_bridge,
          aquarium_subvault_wall, aquarium_subvault_bridge], aquarium_window_1,
          aquarium_window_1, aquarium_window_1, aquarium_window_1,
          aquarium_view_4, aquarium_pool_five
D:4:      layout_rooms, lemuel_crystal_altar, kennysheep_mini,
          minmay_temple_entry_arrows
D:5:      layout_cave_pools, nicolae_overflow_crystal_walls,
          minmay_misc_feat_tiny, hangedman_decor_diamond_cutter,
          uniq_prince_ribbit1
D:6:      layout_basic, overflow_temple_1_default,
          chequers_temple_overflow_statue_of_worship, serial_shops,
          nicolae_shop_trees
D:7:      layout_loops_ring, uniq_harold, uniq_crazy_yiuf_cottage

Skill      XL: |  1  2  3  4  5  6  7  8 |
---------------+-------------------------+-----
Dodging        | 2 |  2.2
Short Blades   | 1 2 3 |  3.9
Fighting       | 3 4 5 6 |  6.1
Throwing       | 4 5 |  5.4
Stealth        | 1 2 3 |  3.4
Bows           | 2 |  2.2
Evocations     | 2 |  2.1
Invocations    | 2 |  2.0

Action                   |  1- 3 |  4- 6 |  7- 9 || total
-------------------------+-------+-------+-------++-------
Melee: Dagger            |   146 |   227 |   210 ||   583
       Short sword       |    10 |       |       ||    10
 Fire: Shortbow          |       |       |     7 ||     7
Throw: Javelin           |    19 |    27 |    28 ||    74
       Dart              |     5 |    49 |    92 ||   146
       Throwing net      |       |     4 |       ||     4
Evoke: Wand              |       |       |     9 ||     9
  Use: Scroll            |       |     3 |     2 ||     5
 Stab: Sleeping          |     1 |     1 |       ||     2
Armor: Leather armour    |    52 |    67 |    71 ||   190
Dodge: Dodged            |    90 |   168 |   171 ||   429

Table legend: (Time is in decaauts)
 A = Elapsed time spent in this place.
 B = Non-inter-level travel time spent in this place.
 C = Inter-level travel time spent in this place.
 D = Time resting spent in this place.
 E = Time spent auto-exploring this place.
 F = Levels seen in this place.
 G = Mean time per level.
                   A        B        C        D        E       F      G
               +--------+--------+--------+--------+--------+-----+--------+
         Total |   9256 |   8611 |    645 |   3120 |   3842 |   7 | 1322.3 |
       Dungeon |   9256 |   8611 |    645 |   3120 |   3842 |   7 | 1322.3 |
               +--------+--------+--------+--------+--------+-----+--------+

Top non-repeatable levels by time:
     D:3: 2021 daAuts
     D:4: 1755 daAuts
     D:2: 1523 daAuts
     D:5: 1423 daAuts
     D:1: 1213 daAuts
     D:6: 981 daAuts
     D:7: 336 daAuts
